Map: Lerilak Crest

Players

PtitDrogo - Winner!

  • Race: Protoss Protoss
  • League: Master

FireCake

  • Race: Zerg Zerg
  • League: Master

Event: DreamHack ROCCAT LotV Championship

VOD

Have the link to the VOD?

Description

Time

  • Played on: Nov. 26, 2015, 12:29 p.m.
  • Length: 9:52

All games in this series

Show
View Real Time Build Order
Export as new Build Order

PtitDrogo Protoss - Winner!

Build Orders: Oracle Opening 

Get SALT Encoding   

  12  0:01  Probe (Chrono Boost)  
  13  0:11  Probe (Chrono Boost)  
  14  0:18  Pylon  
  14  0:22  Probe (Chrono Boost)  
  15  0:37  Probe (Chrono Boost)  
  16  0:47  Probe (Chrono Boost)  
  17  0:58  Probe (Chrono Boost)  
  18  1:07  Gateway  
  18  1:09  Probe (Chrono Boost)  
  19  1:14  Assimilator x2  
  19  1:19  Probe (Chrono Boost)  
  19  1:20  Gateway  
  20  1:30  Probe (Chrono Boost)  
  21  1:35  Pylon  
  21  1:40  Probe (Chrono Boost)  
  22  1:51  Probe (Chrono Boost)  
  23  1:54  Cybernetics Core, Zealot (Chrono Boost)  
  25  2:02  Probe  
  26  2:19  Nexus  
  26  2:22  Probe (Chrono Boost)  
  27  2:32  Adept (Chrono Boost)  
  27  2:35  Pylon, Warp Gate (Chrono Boost)  
  31  2:44  Adept (Chrono Boost)  
  31  2:47  Probe  
  31  2:56  Stargate  
  31  3:01  Probe  
  32  3:15  Adept x2 (Chrono Boost)  
  32  3:17  Probe  
  37  3:29  Probe  
  37  3:32  Probe  
  39  3:41  Probe  
  40  3:42  Oracle (Chrono Boost)  
  40  3:45  Mothership Core (Chrono Boost)  
  41  3:53  Probe (Chrono Boost)  
  42  4:01  Adept x2  
  46  4:06  Probe x2 (Chrono Boost)  
  48  4:14  Gateway  
  48  4:15  Oracle (Chrono Boost)  
  51  4:17  Probe  
  51  4:19  Probe  
  53  4:24  Pylon  
  53  4:28  Pylon  
  53  4:43  Probe x2  
  55  4:46  Void Ray (Chrono Boost)  
  55  4:48  Pylon  
  55  4:49  Pylon  
  55  4:51  Adept  
  61  4:53  Adept  
  61  4:55  Probe  
  64  5:21  Probe  
  64  5:22  Adept x3  
  64  5:26  Assimilator  
  71  5:29  Probe  
  71  5:30  Assimilator  
  72  5:42  Adept x3  
  76  5:50  Probe  
  76  5:51  Probe  
  75  6:09  Pylon  
  75  6:11  Probe x2  
  59  6:23  Probe x2 (Chrono Boost)  
  59  6:24  Adept x3  
  67  6:34  Probe x2 (Chrono Boost)  
  67  6:38  Gateway  
  67  6:39  Gateway  
  69  6:41  Gateway  
  69  6:45  Probe x2 (Chrono Boost)  
  71  6:58  Probe (Chrono Boost)  
  72  7:01  Adept x2  
  72  7:02  Adept  
  72  7:05  Probe (Chrono Boost)  
  77  7:09  Probe (Chrono Boost)  
  77  7:15  Void Ray  
  78  7:20  Pylon  
  78  7:22  Probe x2 (Chrono Boost)  
  74  7:32  Probe x2 (Chrono Boost)  
  68  7:43  Probe x2 (Chrono Boost)  
  64  7:47  Sentry x2  
  64  7:49  Robotics Facility  
  64  7:51  Adept x3  
  74  7:53  Probe x2 (Chrono Boost)  
  76  8:04  Probe x2 (Chrono Boost)  
  78  8:08  Adept  
  80  8:14  Probe x2 (Chrono Boost)  
  82  8:20  Adept x2  
  82  8:23  Pylon  
  82  8:25  Pylon  
  86  8:27  Pylon  
  86  8:32  Pylon  
  86  8:34  Pylon  
  86  8:41  Warp Prism (Chrono Boost)  
  86  8:48  Stalker, Sentry x2  
  90  8:50  Adept x3  
  100  9:12  Pylon  
  100  9:20  Nexus  
  100  9:29  Stalker  
  100  9:30  Stalker x5  
Show
View Real Time Build Order
Export as new Build Order

FireCake Zerg 

Build Orders: Pool First, Ravager All-In 

Get SALT Encoding   

  12  0:00  Drone  
  13  0:08  Drone  
  14  0:17  Overlord  
  14  0:21  Extractor  
  14  0:23  Drone  
  15  0:35  Drone x2  
  17  0:47  Spawning Pool  
  17  0:48  Drone  
  17  1:08  Hatchery  
  16  1:11  Drone  
  16  1:16  Drone, Extractor  
  17  1:31  Drone  
  18  1:33  Queen  
  18  1:34  Zergling x2  
  21  1:42  Drone  
  22  1:49  Overlord  
  22  2:07  Drone  
  23  2:09  Queen  
  23  2:13  Drone  
  26  2:16  Metabolic Boost  
  26  2:30  Hatchery  
  26  2:33  Drone  
  26  2:34  Drone  
  27  2:38  Drone x2  
  29  2:46  Drone x2  
  29  2:47  Drone x2  
  33  2:52  Extractor  
  33  2:55  Extractor  
  33  2:57  Overlord  
  31  3:10  Drone  
  31  3:11  Zergling x2  
  31  3:12  Zergling x2  
  34  3:20  Zergling x6  
  34  3:22  Drone x4  
  34  3:26  Roach Warren  
  39  3:45  Queen  
  40  3:51  Zergling x2  
  40  3:52  Zergling x8  
  45  4:06  Roach x2  
  49  4:10  Overlord x2  
  49  4:13  Overlord  
  49  4:22  Spore Crawler  
  49  4:23  Zergling x2  
  49  4:31  Roach x3  
  49  4:41  Zergling x8  
  52  4:53  Ravager x5  
  52  4:58  Roach  
  52  4:59  Zergling x6  
  62  5:03  Zergling x4  
  63  5:08  Zergling x2  
  63  5:09  Zergling x2  
  61  5:15  Zergling x2  
  61  5:17  Zergling x6  
  61  5:21  Zergling x2  
  62  5:23  Ravager  
  62  5:24  Zergling x2  
  64  5:29  Zergling x2  
  64  5:30  Zergling x4  
  65  5:41  Drone x5  
  50  5:50  Drone x3  
  52  6:01  Drone x5  
  54  6:09  Drone x4  
  54  6:10  Drone  
  47  6:27  Zergling x14  
  54  6:43  Roach x5  
  54  6:46  Roach, Zergling x2  
  52  7:03  Roach x3  
  51  7:11  Zergling x14  
  54  7:20  Drone  
  54  7:21  Drone x2  
  47  7:33  Drone x3  
  44  7:43  Drone  
  44  7:44  Drone  
  46  7:46  Drone  
  46  7:47  Drone  
  48  7:55  Spore Crawler  
  48  7:57  Drone  
  48  7:58  Drone  
  45  8:05  Drone x2  
  42  8:15  Spore Crawler  
  42  8:18  Drone x3  
  42  8:19  Drone  
  42  8:28  Drone x3  
  45  8:34  Overlord  
  45  8:41  Roach  
  45  8:42  Roach  
  45  8:47  Roach  
  45  8:48  Roach  
  53  8:51  Roach  
  53  8:54  Roach  
  57  8:56  Roach  
  59  9:05  Queen  
  61  9:14  Drone x4  
  61  9:17  Extractor  
  64  9:27  Drone x2  
  64  9:30  Evolution Chamber  

Tags
 
Add a new tag
Caveats
  • Supply blocks, unpowered buildings, or Contaminate may cause inaccurate times.
  • Supply counts are checked every 10 seconds.